 Dungeon Crawl Stone Soup version 0.26-a0-800-g517d6fe (webtiles) character file.

Game seed: 6075281325298772259

158 MrTaco21 the Cudgeller (level 5, 0/32 HPs)
             Began as a Gargoyle Fighter on Nov 11, 2020.
             Slain by an ogre
             ... wielding a +0 giant club
              (9 damage)
             ... on level 3 of the Dungeon.
             The game lasted 00:02:24 (1764 turns).

MrTaco21 the Cudgeller (Gargoyle Fighter)           Turns: 1764, Time: 00:02:24

Health: 0/32       AC: 10    Str: 20    XL:     5   Next: 39%
Magic:  0/5        EV:  7    Int:  9    God:
Gold:   100        SH:  9    Dex:  9    Spells: 4/4 levels left

rFire    . . .     SeeInvis .   a - +0 flail
rCold    . . .     Faith    .   c - +0 kite shield
rNeg     + . .     Spirit   +   b - +0 scale mail
rPois    ∞         Reflect  .   (no helmet)
rElec    +         Harm     .   (no cloak)
rCorr    .         Rampage  .   (no gloves)
MR       .....                  (no boots)
Stlth    ..........             g - amulet of guardian spirit
HPRegen  0.10/turn              j - ring of attention (curse)
MPRegen  0.09/turn              (no ring)

@: no status effects
A: negative energy resistance 1, electricity resistance, unbreathing,
petrification resistance, rot immunity, AC +4
a: no special abilities


You were on level 3 of the Dungeon.
You visited 1 branch of the dungeon, and saw 3 of its levels.

You collected 100 gold pieces.

Inventory:

Hand Weapons
 a - a +0 flail (weapon)
Armour
 b - a +0 scale mail (worn)
 c - a +0 kite shield (worn)
Jewellery
 g - an amulet of guardian spirit (around neck)
   (You found it on level 1 of the Dungeon)
 j - a cursed ring of attention (left hand)
   (You found it on level 2 of the Dungeon)
Scrolls
 e - a scroll of fog {unknown}
 f - 3 scrolls of amnesia {unknown}
 i - a scroll of magic mapping {unknown}
 k - a scroll of fear {unknown}
 m - 4 scrolls of noise {unknown}
 n - 4 scrolls of enchant armour {unknown}
 p - a scroll of enchant weapon {unknown}
Potions
 d - a potion of might
 h - a potion of heal wounds {unknown}
 l - a potion of mutation {unknown}
 o - 2 potions of curing {unknown}
 q - a potion of haste {unknown}
 r - a potion of degeneration {unknown}


   Skills:
 - Level 3.2 Fighting
 + Level 5.4 Maces & Flails
 - Level 3.2 Armour
 - Level 3.2 Shields


You had 4 spell levels left.
You didn't know any spells.
Your spell library contained the following spells:

 Spells                   Type           Power        Failure   Level
 Corona                   Hex            #......      99%         1
 Ensorcelled Hibernation  Hex/Ice        #.....       100%        2
 Confusing Touch          Hex            #.......     100%        3
 Dazzling Flash           Conj/Hex       #.....       100%        3
 Tukima's Dance           Hex            #.......     100%        3


Dungeon Overview and Level Annotations

Branches:
Dungeon (3/15)

Altars:
Gozag
Vehumet


Innate Abilities, Weirdness & Mutations

You are resistant to torment.
Your stone body is resilient. (AC +4)
You are immune to poison.
You resist negative energy. (rN+)
You are resistant to electric shocks. (rElec)
You can survive without breathing.
You are immune to petrification.
You are immune to rotting.


Message History

No target in view!
No target in view!
No target in view!
No target in view!
No target in view!
No target in view!
Things that are here:
a +0 dagger; a kobold corpse
r - a brown potion You see here 19 stones.
A scorpion comes into view.
A scorpion is nearby!
A scorpion is nearby!
You closely miss the scorpion.
The scorpion stings you but does no damage. x2
You barely miss the scorpion.
The scorpion stings you but does no damage.
You sock the scorpion! You block the scorpion's attack.
You barely miss the scorpion. The scorpion barely misses you.
You closely miss the scorpion.
The scorpion stings you but does no damage.
You sock the scorpion! The scorpion stings you.
You block the scorpion's attack.
You barely miss the scorpion. The scorpion closely misses you.
You closely miss the scorpion. You block the scorpion's attack.
You hit the scorpion.
You kill the scorpion!
Your Maces & Flails skill increases to level 5!
You have reached level 5!
An ogre comes into view. It is wielding a +0 giant club.
The ogre shouts!
An ogre is nearby!
An ogre is nearby!
A frilled lizard comes into view.
The ogre hits you with a +0 giant club!
You hit the ogre but do no damage. You block the ogre's attack.
You barely miss the ogre. You block the frilled lizard's attack.
The ogre closely misses you.
You barely miss the ogre.
The frilled lizard bites you but does no damage.
You hit the ogre. The ogre barely misses you.
The frilled lizard barely misses you.
The frilled lizard bites you but does no damage.
You hit the ogre. The ogre hits you with a +0 giant club!
* * * LOW HITPOINT WARNING * * *
The frilled lizard bites you but does no damage.
You closely miss the ogre. The ogre barely misses you.
The frilled lizard bites you but does no damage.
You thump the ogre! The ogre hits you with a +0 giant club!
You die...

........#####.. ..
..#.....(......# ....
..#............# ....
...............# .....
...............# .....
......†........# ......
...............###.....#
........#............#
...######.......@O...#
...######....†...l...#
...##................#
...##...................
..............######....
#.....######### .##.
#.....# . #........ .
#.........


You could see an ogre and a frilled lizard.

Vanquished Creatures
  A scorpion (D:3)
  3 adders
  An ooze (D:2)
  3 worms
  A dart slug (D:1)
  2 leopard geckos
  An orc (D:3)
  3 giant cockroaches
  9 goblins
  7 hobgoblins
  8 jackals (D:2)
  A quokka (D:2)
  6 bats
  2 frilled lizards
  8 kobolds
  6 rats
62 creatures vanquished.

Notes
Turn   | Place    | Note
-------+----------+-------------------------------------------
     0 | D:1      | MrTaco21 the Gargoyle Fighter began the quest for the Orb.
     0 | D:1      | Reached XP level 1. HP: 14/14 MP: 1/1
   187 | D:1      | Reached XP level 2. HP: 19/19 MP: 2/2
   352 | D:1      | Reached skill level 3 in Maces & Flails
   786 | D:2      | Reached XP level 3. HP: 23/23 MP: 3/3
   905 | D:2      | Found a radiant altar of Vehumet.
  1087 | D:2      | Reached skill level 4 in Maces & Flails
  1161 | D:2      | Reached XP level 4. HP: 27/28 MP: 1/4
  1389 | D:3      | Found an opulent altar of Gozag.
  1737 | D:3      | Reached skill level 5 in Maces & Flails
  1737 | D:3      | Reached XP level 5. HP: 30/32 MP: 5/5
  1754 | D:3      | Noticed an ogre
  1764 | D:3      | Slain by an ogre

Illustrated notes

Levels and vault maps discovered:
D:1:      ncdulo_wetmaze, layout_loops_cross
D:2:      layout_rooms, vehumet_crystals, minmay_misc_feat_secret_circle
D:3:      layout_basic, nicolae_overflow_hidden_temple, grunt_gozag_breadcrumbs

Skill      XL: |  1  2  3  4 |
---------------+-------------+-----
Maces & Flails | 3 4 5 |  5.4
Fighting       | |  3.2
Armour         | |  3.2
Shields        | |  3.2

Action                   |  1- 3 |  4- 6 || total
-------------------------+-------+-------++-------
Melee: Flail             |   177 |   119 ||   296
Armor: Scale mail        |   120 |    57 ||   177
Dodge: Dodged            |    63 |    31 ||    94
Block: Kite shield       |   111 |    55 ||   166

Table legend: (Time is in decaauts)
 A = Elapsed time spent in this place.
 B = Non-inter-level travel time spent in this place.
 C = Inter-level travel time spent in this place.
 D = Time resting spent in this place.
 E = Time spent auto-exploring this place.
 F = Levels seen in this place.
 G = Mean time per level.
                   A        B        C        D        E       F      G
               +--------+--------+--------+--------+--------+-----+--------+
         Total |   1852 |   1820 |     32 |      0 |   1254 |   3 |  617.3 |
       Dungeon |   1852 |   1820 |     32 |      0 |   1254 |   3 |  617.3 |
               +--------+--------+--------+--------+--------+-----+--------+

Top non-repeatable levels by time:
     D:1: 770 daAuts
     D:2: 658 daAuts
     D:3: 424 daAuts
